 Dungeon Crawl Stone Soup version 0.30.1-9-gdf580d7c3d (webtiles) character file.

Game seed: 11183942807761225317

12913 Gabide the Cleaver (level 11, 0/81 HPs)
             Began as a Mummy Reaver on Oct 16, 2023.
             Was an Elder of Dithmenos.
             Slain by a slime creature (6 damage)
             ... in an ice cave.
             The game lasted 01:00:00 (17914 turns).

Gabide the Cleaver (Mummy Reaver)                  Turns: 17914, Time: 01:00:01

Health: 0/81       AC: 12    Str: 20    XL:     11   Next: 68%
Magic:  18/20      EV: 16    Int: 13    God:    Dithmenos [****..]
Gold:   286        SH:  4    Dex: 22    Spells: 11/22 levels left

rFire   x x .        a - +3 whip "Heomuynwea" {pain, Str+3 Dex+6}
rCold   + + +        n - +0 buckler {rC+}
rNeg    + + +        j - +1 robe of the Thunderstorm {rPois rC+ Will+ Int-2}
rPois   ∞            r - +2 helmet
rElec   .            i - +2 cloak {Will+}
rCorr   .            m - +0 pair of gloves
SInv    .            v - +1 pair of boots
Will    ++++.        p - amulet of regeneration
Stlth   ++           t - ring of willpower
HPRegen 1.13/turn    C - ring of the Morning {Ice Str-2 Int+3 Dex+4}
MPRegen 0.17/turn

%: faith
@: about to teleport, on blink cooldown, wreathed by umbra
A: cold resistance 1, negative energy resistance 3, torment resistance 2, heat
vulnerability 1, in touch with death 1, no potions, faith
a: Renounce Religion, Shadow Step


You were in an ice cave.
You worshipped Dithmenos.
Dithmenos was greatly pleased with you.
You visited 2 branches of the dungeon, and saw 12 of its levels.
You also visited: Ice Cave.

You collected 700 gold pieces.
You spent 414 gold pieces at shops.

Inventory:

Hand Weapons
 a - the +3 whip "Heomuynwea" (weapon) {pain, Str+3 Dex+6}
   (You found it on level 9 of the Dungeon)

   Str:       It affects your strength (+3).
   Dex:       It affects your dexterity (+6).
 b - a +0 sling of freezing
 d - a +2 hand axe
 w - a +0 great mace
 D - a +3 glaive of freezing
Missiles
 l - 7 boomerangs
 y - 3 datura-tipped darts
Armour
 g - +0 acid dragon scales
 i - a +2 cloak of willpower (worn)
 j - the +1 robe of the Thunderstorm (worn) {rPois rC+ Will+ Int-2}
   (You bought it in a shop on level 3 of the Dungeon)

   Int:       It affects your intelligence (-2).
   rC:        It protects you from cold.
   rPois:     It protects you from poison.
   Will:      It increases your willpower.
 m - a +0 pair of gloves (worn)
 n - a +0 buckler of cold resistance (worn)
 r - a +2 helmet (worn)
 v - a +1 pair of boots (worn)
 x - +0 steam dragon scales
Jewellery
 c - the amulet of Circhi Yhey {RegenMP +Blink +Inv rElec rC-}
   (You took it off a kobold brigand on level 8 of the Dungeon)

   [amulet of magic regeneration]

   It increases your rate of magic regeneration.
   rC:        It makes you vulnerable to cold.
   rElec:     It insulates you from electricity.
   +Inv:      It lets you turn invisible.
   +Blink:    It lets you blink.
 p - an amulet of regeneration (around neck)
 t - a ring of willpower (left hand)
 z - a ring of flight
 A - a ring of resist corrosion
 C - the ring of the Morning (right hand) {Ice Str-2 Int+3 Dex+4}
   (You found it in an ice cave)

   [ring of ice]

   It enhances your ice magic.
   Str:       It affects your strength (-2).
   Int:       It affects your intelligence (+3).
   Dex:       It affects your dexterity (+4).
   rF:        It makes you vulnerable to fire.
   rC:        It protects you from cold.
Wands
 k - a wand of flame (10) (quivered)
 B - a wand of acid (3)
Scrolls
 e - 3 scrolls of amnesia
 f - 2 scrolls of teleportation
 h - 2 scrolls of identify
 o - a scroll of silence
 q - 2 scrolls of fear
 s - a scroll of fog
 u - 3 scrolls of enchant weapon


   Skills:
 + Level 6.2 Fighting
 - Level 9.0(10.0) Axes
 - Level 6.8(9.0) Maces & Flails
 - Level 6.0 Dodging
 - Level 6.0 Spellcasting
 - Level 3.0 Conjurations
 - Level 6.0 Necromancy
 - Level 3.0 Translocations
 - Level 3.0 Air Magic
 - Level 3.0 Poison Magic


You had 11 spell levels left.
You knew the following spells:

 Your Spells              Type           Power      Damage    Failure   Level
a - Kiss of Death         Conj/Necr      92%        2d12      3%          1
b - Momentum Strike       Conj/Tloc      22%        3d8       10%         2
c - Cigotuvi's Dreadful   Necr/Pois/Air  42%        N/A       6%          2
d - Blink                 Tloc           22%        N/A       10%         2
e - Dispel Undead         Necr           29%        3d13      19%         4

Your spell library contained the following spells:

 Spells                   Type           Power      Damage    Failure   Level
 Ensorcelled Hibernation  Hex/Ice        10%        N/A       32%         2
 Hailstorm                Conj/Ice       11%        3d5       34%         3
 Ignite Poison            Fire/Tmut/Pois 6%         N/A       38%         3
 Anguish                  Hex/Necr       8%         N/A       52%         4
 Manifold Assault         Tloc           11%        N/A       52%         4
 Confusing Touch          Hex            3%         N/A       54%         3
 Ozocubu's Armour         Ice            5%         N/A       54%         3
 Freezing Cloud           Conj/Ice/Air   6%         6-21      95%         5
 Eringya's Noxious Bog    Tmut/Pois      3%         N/A       100%        6
 Ozocubu's Refrigeration  Ice            2%         4d8       100%        7
 Spider Form              Tmut/Pois      Unusable   N/A       N/A         3
 Storm Form               Tmut/Air       Unusable   N/A       N/A         7

Dungeon Overview and Level Annotations

Branches:
Dungeon (11/15)            Temple (1/1) D:7             Orc (0/2) D:10
  IceCv (1/1)
   Lair: D:8-11

Altars:
Ashenzari
Cheibriados
Dithmenos
Fedhas
Gozag
Hepliaklqana
Kikubaaqudgha
Makhleb
Nemelex Xobeh
Okawaru
Qazlal
Ru
Sif Muna
Trog
Uskayaw
Vehumet
Wu Jian
Xom
Yredelemnul

Shops:
D:3 [

Annotations:
D:10 Josephine


Innate Abilities, Weirdness & Mutations

You are immune to poison.
Your flesh is cold resistant. (rC+)
You are immune to negative energy. (rN+++)
You are immune to unholy pain and torment.
You are vulnerable to heat. (rF-)
You are in touch with the powers of death.
You do not drink.
You have a special connection with the divine. (Faith)


Message History

The slime creature is moderately wounded.
Your shadow hits the slime creature with a whip.
The slime creature hits you!
You whack the slime creature!
The slime creature writhes in agony.
The slime creature is heavily wounded.
You whack the slime creature!
The slime creature writhes in agony.
The slime creature is severely wounded.
The glowing shapeshifter simulacrum hits you but does no damage.
The slime creature closely misses you.
You hit the slime creature.
The slime creature writhes in agony.
The slime creature is severely wounded.
You hit the slime creature.
The slime creature writhes in agony.
The slime creature is almost dead.
The slime creature hits you.
The glowing shapeshifter simulacrum hits you.
The glowing shapeshifter simulacrum freezes you.
You resist.
You barely miss the slime creature.
The slime creature is almost dead.
The slime creature hits you but does no damage.
The glowing shapeshifter simulacrum hits you.
* * * LOW HITPOINT WARNING * * *
The glowing shapeshifter simulacrum freezes you.
You resist.
* * * LOW HITPOINT WARNING * * *
Casting: Cigotuvi's Dreadful Rot (safe; 6% risk of failure)
Confirm with . or Enter, or press ? or * to list all spells.
You blink.
Acid dripping from the walls corrodes you. 2 slime creatures come into view.
The slime creature quivers.
The slime creature quivers.
Okay, then.
The glowing shapeshifter simulacrum misses you.
The slime creature hits you!
* * * LOW HITPOINT WARNING * * *
Okay, then.
As you read the scroll of teleportation, it crumbles to dust.
You feel strangely unstable. The slime creature hits you.
You die...

# .Z# J... .J... ####..J..
###.......#
#######.J......##
######......Z@...####
###...............##
##.......#####.#####
.......### ##.########
#....### #.........###
##....### ###...........##
.###....###.....###......#
......(.......######.....#
....####....###..........#


You could see 3 slime creatures, a slime creature simulacrum and a glowing
shapeshifter simulacrum.

Vanquished Creatures
  3 two-headed ogres
  Pikel (D:8)
  An ice statue (IceCv)
  Psyche (D:8)
  A hornet (D:9)
  A wyvern (D:8)
  10 slime creatures (IceCv)
  A vampire (D:10)
  5 wraiths
  15 yaks
  A steam dragon (D:7)
  An acid dragon (D:8)
  6 orc warriors
  2 ice beasts
  6 great orb of eyes simulacra (IceCv)
  3 centaurs
  A phantom (D:3)
  3 slime creature simulacra (IceCv)
  A lemure (D:8)
  3 kobold brigands
  6 scorpions
  2 bullfrogs
  2 glowing shapeshifter simulacra (IceCv)
  A gnoll sergeant (D:6)
  7 wights
  3 killer bees (D:10)
  3 howler monkeys
  3 jellies
  A hound (D:4)
  7 orc priests
  4 iguanas
  15 orc wizards
  5 shapeshifter simulacra (IceCv)
  7 adders
  4 gnolls
  A shadow imp (D:6)
  An ufetubus (D:4)
  3 worms
  3 dart slugs
  43 orcs
  3 ball pythons (D:1)
  6 bats
  15 endoplasms
  3 giant cockroaches
  6 goblins
  7 hobgoblins
  8 jackals
  3 quokkas
  4 frilled lizards
  18 kobolds
  5 rats
265 creatures vanquished.

Vanquished Creatures (collateral kills)
  A hornet (D:8)
  A phantom (D:4)
  A kobold brigand (D:8)
  A gnoll sergeant (D:5)
  A killer bee (D:10)
  An orc priest (D:9)
  An orc wizard (D:9)
  3 gnolls
  4 kobolds (D:8)
14 creatures vanquished.

Vanquished Creatures (others)
  A slime creature (IceCv)
  A yak (D:5)
  2 killer bees (D:10)
  An orc wizard (D:10)
  2 gnolls (D:5)
  A dart slug (D:4)
  A kobold (D:4)
9 creatures vanquished.

Grand Total: 288 creatures vanquished

Notes
Turn   | Place    | Note
-------+----------+-------------------------------------------
     0 | D:1      | Gabide the Mummy Reaver began the quest for the Orb.
     0 | D:1      | Reached XP level 1. HP: 16/16 MP: 4/4
    48 | D:1      | Reached XP level 2. HP: 15/22 MP: 5/5
   494 | D:1      | Gained mutation: You are in touch with the powers of death.
                  | [Mummy growth]
   494 | D:1      | Reached XP level 3. HP: 25/28 MP: 7/7
  2005 | D:3      | Found Dimm's Antique Armour Emporium.
  2033 | D:3      | Bought an embroidered cloak for 150 gold pieces
  2339 | D:3      | Noticed a phantom
  2605 | D:3      | Reached XP level 4. HP: 21/32 MP: 8/8
  2995 | D:3      | Found a faded altar of an unknown god.
  3150 | D:4      | Noticed a phantom
  3211 | D:4      | Reached skill level 3 in Axes
  3412 | D:4      | Killed a phantom
  3413 | D:4      | Reached XP level 5. HP: 22/41 MP: 9/9
  3745 | D:4      | Reached XP level 6. HP: 24/44 MP: 10/10
  4234 | D:4      | Reached skill level 4 in Axes
  4664 | D:3      | Bought a wizard robe for 114 gold pieces
  4664 | D:3      | Identified the +1 robe of the Thunderstorm {rPois rC+ Will+
                  | Int-2} (You bought it in a shop on level 3 of the Dungeon)
  4728 | D:5      | Entered Level 5 of the Dungeon
  5048 | D:5      | HP: 2/49 [gnoll/+0 spear[a gnoll sergeant] (4)]
  5049 | D:5      | Reached skill level 1 in Necromancy
  5049 | D:5      | Reached XP level 7. HP: 3/55 MP: 11/11
  5304 | D:5      | Learned a level 2 spell: Momentum Strike
  5775 | D:5      | Noticed a yak
  5776 | D:5      | Noticed a yak
  5776 | D:5      | Noticed a yak
  5801 | D:5      | Noticed a yak
  5801 | D:5      | Noticed a yak
  6195 | D:4      | Killed a yak
  6196 | D:4      | Reached skill level 5 in Fighting
  6400 | D:5      | Got the Parchment of the Brumal Coward
  6547 | D:5      | Noticed a yak
  6548 | D:5      | Reached skill level 5 in Axes
  7084 | D:4      | Killed a yak
  7085 | D:4      | Reached XP level 8. HP: 60/64 MP: 12/12
  7986 | D:4      | Reached skill level 6 in Axes
  8833 | D:6      | Reached skill level 7 in Axes
  9007 | D:6      | You fall into a shaft and drop 1 floor!
  9155 | D:7      | Reached skill level 1 in Air Magic
  9155 | D:7      | Reached skill level 1 in Poison Magic
  9752 | D:6      | Reached XP level 9. HP: 69/69 MP: 13/13
 10159 | D:3      | Bought a glowing helmet for 150 gold pieces
 10226 | D:5      | Learned a level 2 spell: Cigotuvi's Dreadful Rot
 11116 | D:7      | Found a staircase to the Ecumenical Temple.
 11125 | Temple   | Entered the Ecumenical Temple
 11551 | Temple   | Became a worshipper of Dithmenos the Shadowed
 11674 | D:8      | Found a bloodstained altar of Trog.
 11677 | D:8      | Noticed Psyche
 11823 | D:8      | Found a basalt altar of Yredelemnul.
 11874 | D:8      | Killed Psyche
 11875 | D:8      | Reached skill level 8 in Axes
 11878 | D:8      | Learned a level 2 spell: Blink
 12577 | D:8      | Noticed Pikel
 12582 | D:8      | Killed Pikel
 12583 | D:8      | Reached skill level 9 in Axes
 12684 | D:8      | Noticed a two-headed ogre
 12766 | D:8      | Reached XP level 10. HP: 76/76 MP: 14/14
 12771 | D:8      | Noticed a two-headed ogre
 12813 | D:8      | Killed a two-headed ogre
 13077 | D:8      | Reached skill level 5 in Necromancy
 13079 | D:8      | Reached * piety under Dithmenos
 13106 | D:8      | Identified the amulet of Circhi Yhey {RegenMP +Blink +Inv
                  | rElec rC-}
 13328 | D:8      | Killed a two-headed ogre
 13488 | D:9      | Reached skill level 5 in Spellcasting
 13716 | D:9      | Identified the +3 whip "Heomuynwea" {pain, Str+3 Dex+6}
 14056 | D:9      | Reached skill level 1 in Maces & Flails
 14374 | D:10     | Entered Level 10 of the Dungeon
 14402 | D:10     | Reached ** piety under Dithmenos
 14688 | D:10     | Learned a level 4 spell: Dispel Undead
 14878 | D:10     | Noticed Josephine
 14889 | D:10     | Reached XP level 11. HP: 81/81 MP: 15/20
 15297 | D:10     | Found a staircase to the Orcish Mines.
 15304 | D:10     | Reached skill level 5 in Dodging
 15332 | D:10     | Reached *** piety under Dithmenos
 15574 | D:10     | Identified the +0 ring mail "Vuhas" {Str+4 Slay-6}
 15625 | D:10     | Noticed a two-headed ogre
 16188 | D:10     | Killed a two-headed ogre
 16279 | D:11     | Found a frozen archway.
 16289 | IceCv    | Entered an ice cave
 16697 | IceCv    | Reached skill level 5 in Maces & Flails
 17294 | IceCv    | Reached **** piety under Dithmenos
 17515 | IceCv    | Got the ring of the Morning {Ice Str-2 Int+3 Dex+4}
 17914 | IceCv    | Slain by a slime creature

Illustrated notes

Levels and vault maps discovered:
D:1:      giann_forest_graveyard, layout_basic, serial_bayou,
          serial_bayou_pond_a, serial_bayou_pond_c, serial_bayou_pond_c,
          serial_bayou_pond_a, minivault_5
D:2:      layout_loops_ring, minmay_gold_behind_fungi, nrook_loot_triangle
D:3:      kennysheep_big_flooded_room, layout_loops_ring, serial_shops,
          nicolae_shop_trees, hellmonk_ecumenical_altar_prayer_group,
          minmay_misc_feat_roman, chequers_serial_rivers_micro_b
D:4:      cheibrodos_fertilizer, layout_rooms, st_stairs_10,
          chequers_serial_rivers_large_a
D:5:      layout_gridville
D:6:      layout_basic
D:7:      layout_cave_pools, minmay_temple_entry_antechambers,
          minmay_stone_trees_medium
D:8:      minmay_recursive_quarters, layout_basic,
          mainiacjoe_overflow_catch_the_wave, uniq_pikel, uniq_psyche
D:9:      layout_roguey, dk_noncrumbling_4
D:10:     layout_loops_ring, hiddenorc2_lemuel, uniq_josephine
D:11:     layout_stronghold, due_lair_maze_entry_diamond,
          portal_ice_cave_entry_pillars_1, nicolae_figureground_pulse
Temple:   mainiacjoe_temple_big_plus
IceCv:    ice_cave_hellmonk_azure_passage

Skill      XL: |  1  2  3  4  5  6  7  8  9 10 11 |
---------------+----------------------------------+-----
Spellcasting   | 3 6 |  6.0
Dodging        | 2 3 4 6 |  6.0
Conjurations   | 3 |  3.0
Fighting       | 3 4 6 |  6.2
Axes           | 3 4 5 7 9 |  9.0
Necromancy     | 1 3 6 |  6.0
Air Magic      | 1 3 |  3.0
Poison Magic   | 1 3 |  3.0
Translocations | 3 |  3.0
Maces & Flails | 3 6 |  6.8

Action                     |  1- 3 |  4- 6 |  7- 9 | 10-12 || total
---------------------------+-------+-------+-------+-------++-------
  Melee: Hand axe          |   199 |   222 |   416 |    75 ||   912
         Punch             |     2 |     3 |     9 |    14 ||    28
         Whip              |       |       |       |   760 ||   760
   Fire: Sling             |       |       |    27 |    34 ||    61
  Throw: Dart              |       |     7 |     5 |    12 ||    24
         Throwing net      |       |       |     4 |     1 ||     5
         Boomerang         |       |       |       |     1 ||     1
   Cast: Kiss of Death     |     1 |     2 |     1 |       ||     4
         Cigotuvi's Dreadf |       |       |     2 |    10 ||    12
         Blink             |       |       |     1 |     5 ||     6
         Momentum Strike   |       |       |     1 |       ||     1
         Dispel Undead     |       |       |       |     7 ||     7
  Evoke: Wand              |       |     4 |    31 |    49 ||    84
    Use: Scroll            |     5 |       |     9 |     7 ||    21
   Stab: Sleeping          |       |     1 |       |     1 ||     2
         Held in net/web   |       |       |     2 |     1 ||     3
 Armour: Leather armour    |    67 |    85 |       |       ||   152
         Robe              |       |     1 |    85 |    46 ||   132
         Steam dragon scal |       |       |    43 |    16 ||    59
         Ring mail         |       |       |    15 |       ||    15
         Acid dragon scale |       |       |       |   159 ||   159
  Dodge: Dodged            |   128 |   142 |   259 |   393 ||   922
  Block: Buckler           |       |       |       |     8 ||     8
